 Seeded DCSS version 0.28-a0-2-g643f2454ad (webtiles) character file.

Game seed: 20210722 (custom seed)

78 muata the Chopper (level 4, -3/41 HPs)
             Began as a Minotaur Berserker on July 22, 2021.
             Was a Believer of Trog.
             Killed by nerve-wracking pain
             ... invoked by Grinder
              (13 damage)
             ... on level 3 of the Dungeon.
             The game lasted 00:03:00 (1906 turns).

muata the Chopper (Minotaur Berserker)              Turns: 1906, Time: 00:03:00

Health: -3/41      AC:  7    Str: 22    XL:     4   Next: 15%
Magic:  3/3        EV: 10    Int:  4    God:    Trog [**....]
Gold:   62         SH:  0    Dex: 10    Spells: 3/3 levels left

rFire   . . .      SeeInvis .   a - +0 hand axe
rCold   . . .      Faith    .   (no shield)
rNeg    . . .      Spirit   .   f - +0 scale mail
rPois   .          Reflect  .   (helmet restricted)
rElec   .          Harm     .   (no cloak)
rCorr   .          Rampage  .   (no gloves)
Will    .....                   (no boots)
Stlth   ..........              (no amulet)
HPRegen 0.13/turn               (no ring)
MPRegen 0.08/turn               (no ring)

@: on berserk cooldown, slowed, very slow
A: horns 2, retaliatory headbutt
a: Renounce Religion, Berserk, Trog's Hand


You were on level 3 of the Dungeon.
You worshipped Trog.
Trog was pleased with you.
You visited 1 branch of the dungeon, and saw 3 of its levels.

You collected 62 gold pieces.

Inventory:

Hand Weapons
 a - a +0 hand axe (weapon)
Armour
 b - a +0 animal skin
 f - a +0 scale mail (worn)
Jewellery
 e - a ring of protection from cold
Scrolls
 c - 5 scrolls of identify {unknown}
 d - a scroll of noise {unknown}
 h - a scroll of amnesia {unknown}
Potions
 g - a potion of magic {unknown}


   Skills:
 + Level 4.5 Fighting
 + Level 4.5 Axes
 + Level 3.7 Armour
 - Level 2.1 Dodging


You had 3 spell levels left.
You didn't know any spells.
Your spell library was empty.

Dungeon Overview and Level Annotations

Branches:
Dungeon (3/15)

Altars:
Makhleb

Annotations:
D:3 Grinder


Innate Abilities, Weirdness & Mutations

You have a pair of horns on your head.
You reflexively headbutt those who attack you in melee.


Message History

The quokka is moderately wounded.
The quokka closely misses you. You furiously retaliate!
You headbutt the quokka, but do no damage.
The quokka bites you but does no damage.
You closely miss the quokka.
The quokka is moderately wounded.
You hit Grinder but do no damage. The quokka bites you.
Grinder gestures at you.
You barely resist.
The quokka bites you but does no damage.
You hit the quokka.
You kill the quokka!
Trog accepts your kill.
You closely miss Grinder. Grinder hits you.
You writhe in agony.
Grinder hits you but does no damage.
You hit Grinder. You headbutt Grinder.
Grinder is lightly wounded.
Grinder gestures at you. You resist with significant effort.
You hit Grinder but do no damage.
Grinder is lightly wounded.
Grinder hits you. Grinder gestures at you.
You suddenly lose the ability to move!
Grinder hits you. Grinder gestures at you. Pain shoots through your body!
Grinder hits you.
You writhe in agony.
Grinder gestures at you. You resist with significant effort.
Grinder hits you but does no damage. Grinder hits you.
You writhe in agony.
* * * LOW HITPOINT WARNING * * *
You can move again.
You hit Grinder but do no damage. You headbutt Grinder!
Grinder is heavily wounded.
Grinder hits you but does no damage.
Grinder blinks!
Grinder gestures at you. Pain shoots through your body!
You die...

###............<.......
+....#.###.##..)...#.##
####.#.# #.#.......#
#.#.# #.#.......# .
#.#.# #.#.####### ..
#.#.# #.#.
....####.#.###.#.##
#..........5......
###.##..#@###.....
#.....#.# .## #.##.##.#
##.##..#.# #......#.#
#.###....#########.
#..............
#..############ #..#


You could see Grinder.

Vanquished Creatures
  Terence (D:2)
  2 dart slugs (D:1)
  3 endoplasms
  5 giant cockroaches
  4 hobgoblins
  3 jackals (D:1)
  4 kobolds (D:1)
  4 quokkas
  6 ball pythons
  3 bats
  2 frilled lizards
  4 goblins
  3 rats
44 creatures vanquished.

Notes
Turn   | Place    | Note
-------+----------+-------------------------------------------
     0 | D:1      | muata the Minotaur Berserker began the quest for the Orb.
     0 | D:1      | Reached XP level 1. HP: 19/19 MP: 0/0
   133 | D:1      | Reached XP level 2. HP: 27/27 MP: 1/1
   569 | D:1      | Reached ** piety under Trog
   668 | D:1      | Reached XP level 3. HP: 31/33 MP: 2/2
  1417 | D:2      | Found a burning altar of Makhleb.
  1597 | D:2      | Noticed Terence
  1605 | D:2      | Killed Terence
  1606 | D:2      | Reached XP level 4. HP: 41/41 MP: 3/3
  1856 | D:3      | Noticed Grinder
  1897 | D:3      | Paralysed by Grinder for 7 turns
  1906 | D:3      | Killed from afar by Grinder

Illustrated notes

Levels and vault maps discovered:
D:1:      lightli_arrival_windingriver, layout_basic
D:2:      layout_basic, basic_altar, uniq_terence
D:3:      layout_basic, uniq_grinder, uniq_crazy_yiuf_cottage

Skill      XL: |  1  2 |
---------------+-------+-----
Fighting       | 4 |  4.5
Axes           | 4 |  4.5
Armour         | 3 |  3.7
Dodging        | |  2.1

Action                   |  1- 3 |  4- 6 || total
-------------------------+-------+-------++-------
Melee: Hand axe          |    76 |    18 ||    94
       Headbutt          |     7 |     4 ||    11
Invok: Berserk           |     2 |     1 ||     3
Armor: Animal skin       |    18 |       ||    18
       Scale mail        |     9 |    18 ||    27
Dodge: Dodged            |    53 |     7 ||    60

Table legend: (Time is in decaauts)
 A = Elapsed time spent in this place.
 B = Non-inter-level travel time spent in this place.
 C = Inter-level travel time spent in this place.
 D = Time resting spent in this place.
 E = Time spent auto-exploring this place.
 F = Levels seen in this place.
 G = Mean time per level.
                   A        B        C        D        E       F      G
               +--------+--------+--------+--------+--------+-----+--------+
         Total |   1934 |   1833 |    101 |    172 |   1265 |   3 |  644.7 |
       Dungeon |   1934 |   1833 |    101 |    172 |   1265 |   3 |  644.7 |
               +--------+--------+--------+--------+--------+-----+--------+

Top non-repeatable levels by time:
     D:1: 1120 daAuts
     D:2: 736 daAuts
     D:3: 76 daAuts
